cohdb
Replays
Latest Replays
All Replays
Popular Replays
Top Player Replays
Match Explorer
How It Works
Community
CoH3 Stats
Reddit
Sign in to upload your games and track your stats! →
Sign in with Steam
Match 43097726
Unlisted
Match 43097726
Overview
Messages
Build Orders
End
Panzergrenadier Squad
Kradschützen Motorcycle Team
Panzergrenadier Squad
Selects Panzerjäger Kommand Battlegroup
Selects Mine Fields
Construct Light Support Kompanie
MG34 Team
2.5-tonne Medical Truck
Fire Support Elements
250 Light Carrier
Construct Mechanized Kompanie
Combat Half-tracks
Panzerjäger Mechanized Group
254 Reconnaissance Tractor
StuG III D Assault Gun
Emergency Repair Kits
StuG III D Assault Gun
Marder III Tank Destroyer
Marder III Tank Destroyer
Rapid Advance
StuG III D Assault Gun
Construct Panzerarmee Kommand
Tungsten Core Ammunition
Selects Defensive Positions
Selects Butterfly Bomb Drop
Selects Tank Busters
Selects Crew Shock Tactics
Butterfly Bomb Drop
Armored Reserves
Jarkke
Setti-Veke
=|VivA|= SaNdInO
KрепкийOрешек
Marty
Retsugo
0
0
Comments
sign in to comment!
No comments posted yet!